 Dungeon Crawl Stone Soup version 0.31-a0-988-g08d55dae12 (webtiles) character file.

Game seed: 13321528703112620152

21825 BinkBink the Carver (level 12, -3/80 HPs)
             Began as a Tengu Berserker on Nov 5, 2023.
             Was a High Priest of Trog.
             Killed by vampiric draining
             ... invoked by a vampire
              (14 damage)
             ... on level 12 of the Dungeon.
             The game lasted 00:24:20 (12546 turns).

BinkBink the Carver (Tengu Berserker)              Turns: 12546, Time: 00:24:21

Health: -3/80      AC: 23    Str: 18    XL:     12   Next: 94%
Magic:  13/13      EV: 23    Int:  9    God:    Trog [*****.]
Gold:   481        SH:  0    Dex: 17    Spells: 11/11 levels left

rFire   + . .        F - +5 great sword (heavy)
rCold   + + +        (shield currently unavailable)
rNeg    . . .        g - +4 chain mail of Ushuinie {+Blink rC+++ rCorr Slay-3}
rPois   .            (helmet restricted)
rElec   .            r - +2 cloak
rCorr   +            h - +2 pair of gloves
SInv    .            (boots unavailable)
Will    ++...        n - amulet of faith Stlth
                     o - ring of protection from fire
HPRegen 1.33/turn    t - +5 ring of evasion
MPRegen 0.13/turn

%: acrobat, faith
@: strong-willed (expiring), flying, regenerating (expiring)
A: beak, talons 3, evasive flight, acrobatic
a: Renounce Religion, Evoke Blink, Berserk, Trog's Hand, Brothers in Arms


You were on level 12 of the Dungeon.
You worshipped Trog.
Trog was extremely pleased with you.
You visited 1 branch of the dungeon, and saw 12 of its levels.

You collected 742 gold pieces.
You spent 261 gold pieces at shops.

Inventory:

Hand Weapons
 i - the +11 triple sword of Chaos {heavy, rElec rF- rN+ Will+}
   (Trog gifted it to you on level 11 of the Dungeon)

   rF-:       It makes you vulnerable to fire.
   rElec:     It insulates you from electricity.
   rN+:       It protects you from negative energy.
   Will+:     It increases your willpower.
 F - a +5 heavy great sword (weapon)
Missiles
 b - 3 throwing nets (quivered)
Armour
 g - the +4 chain mail of Ushuinie (worn) {+Blink rC+++ rCorr Slay-3}
   (You acquired it on level 10 of the Dungeon)

   Slay-3:    It affects your accuracy & damage with ranged weapons and melee
   (-3).
   rC+++:     It renders you almost immune to cold.
   +Blink:    It lets you blink.
   rCorr:     It protects you from acid and corrosion.
 h - a +2 pair of gloves (worn)
 r - a +2 cloak (worn)
Jewellery
 j - a ring of fire
 n - an amulet of faith (around neck)
 o - a ring of protection from fire (left hand)
 s - a ring of positive energy
 t - a +5 ring of evasion (right hand)
 y - a +6 ring of dexterity
 B - a ring of resist corrosion
 E - a ring of fire
Wands
 m - a wand of mindburst (13)
 u - a wand of roots (14)
 v - a wand of acid (7)
 A - a wand of paralysis (6)
Scrolls
 f - 4 scrolls of poison
 q - a scroll of vulnerability
 w - a scroll of amnesia
 C - a scroll of torment
 D - 2 scrolls of identify
Potions
 a - 2 potions of lignification
 c - 3 potions of mutation
 d - 3 potions of berserk rage
 e - 3 potions of enlightenment
 k - a potion of degeneration {unknown}
 l - 2 potions of curing
 p - 2 potions of ambrosia {unknown}
 x - 2 potions of haste {unknown}
 z - 2 potions of attraction {unknown}
 G - a potion of might {unknown}


   Skills:
 + Level 11.2 Fighting
 + Level 12.1 Long Blades
 + Level 11.9 Armour
 + Level 11.9 Dodging


You had 11 spell levels left.
You didn't know any spells.
Your spell library was empty.

Dungeon Overview and Level Annotations

Branches:
Dungeon (12/15)            Temple (0/1) D:5            Lair (0/5) D:9
    Orc (0/2) D:9

Altars:
Hepliaklqana
Kikubaaqudgha
Trog
Uskayaw
Wu Jian
Yredelemnul
Zin

Shops:
D:10 *

Annotations:
D:4 2 runed translucent doors, Gargoyl's ghost, novice GrBe
D:5 1 runed translucent door, Crazy Yiuf
D:7 2 transporters
D:10 2 transporters


Innate Abilities, Weirdness & Mutations

You have a beak for a mouth.
You have claws for feet.
Your magical flight helps you evade attacks. (EV +4)
You can magically evade attacks while moving or waiting.


Message History

A puff of flame appears from out of thin air!
The puff of flame hits something.
The deep elf pyromancer misses you. Something hits you but does no damage.
Something bites you but does no damage.
The deep elf pyromancer completely misses you.
Something closely misses you. x2
You closely miss the deep elf pyromancer.
You claw the deep elf pyromancer, but do no damage.
You peck the deep elf pyromancer, but do no damage.
The acid dragon spits acid at you.
The splash of acid hits something!
Reactivating autopickup.
The deep elf pyromancer casts a spell at you.
The sticky flame misses you.
The sticky flame hits something.
The vampire is covered in liquid flames!
The vampire closely misses you. The vampire bites you!
* * * LOW HITPOINT WARNING * * *
The vampire draws strength from your injuries!
The deep elf pyromancer closely misses you.
You closely miss the deep elf pyromancer.
Your kick misses the deep elf pyromancer.
You peck the deep elf pyromancer, but do no damage.
The vampire burns! x2; The vampire completely misses you.
The vampire barely misses you.
The deep elf pyromancer hits you but does no damage.
The vampire hits you but does no damage.
The vampire closely misses you.
You slash the deep elf pyromancer!
Your kick misses the deep elf pyromancer.
The deep elf pyromancer is moderately wounded.
The vampire burns! x2
The deep elf pyromancer hits you but does no damage.
The vampire barely misses you. The vampire completely misses you.
The deep elf pyromancer closely misses you.
You closely miss the deep elf pyromancer.
You claw the deep elf pyromancer, but do no damage.
You peck the deep elf pyromancer, but do no damage.
The deep elf pyromancer is moderately wounded.
You feel the effects of Trog's Hand fading.
The vampire burns!
The vampire draws life force from you!
You die...

# #...)...# .o...D.
#####.......# .....
............### .....
#####.........# #.9.# #
#.....<...# ##☼..## #
#.........# #.○EB.# #
#.........# #.{W#
#####.........####### #.#
..............Ee@VED######†#
#####)......#######..9.B☼..#
# #.......# ########## #
#.......# # #.......# #
#.......# # #.......#
#####.......###########
......................#


You could see a boulder beetle, a deep elf pyromancer, 2 fire elementals, a
vampire (invisible, burning), an acid dragon and a gargoyle.

Vanquished Creatures
  A shadow dragon (D:12)
  Snorg (D:11)
  Harold (D:9)
  Erolcha (D:10)
  Erica (D:11)
  3 boulder beetles (D:12)
  7 two-headed ogres
  A centaur warrior (D:10)
  Sonja (D:11)
  A skeletal warrior (D:10)
  A manticore (D:12)
  Maurice (D:10)
  Joseph (D:7)
  A gargoyle (D:12)
  A kobold demonologist (D:10)
  A freezing wraith (D:11)
  2 komodo dragons
  3 trolls
  A glass eye (D:10)
  Sigmund (D:6)
  2 slime creatures (D:12)
  3 shadows
  A wraith (D:12)
  3 steam dragons
  10 yaks
  2 wyverns
  3 vampire mosquitoes (D:11)
  A water moccasin (D:6)
  3 acid dragons
  Duvessa (D:5)
  2 ice beasts (D:5)
  2 orc warriors
  2 black bears (D:7)
  3 sky beasts
  4 centaurs
  3 phantoms
  3 kobold brigands
  2 bullfrogs (D:8)
  3 scorpions
  A water moccasin zombie (D:4)
  5 wights
  Dowan (D:5)
  7 killer bees
  An electric eel (D:10)
  5 howler monkeys
  A bullfrog zombie (D:4)
  2 jellies
  A hound (D:6)
  A gnoll bouda (D:4)
  2 orc priests
  A sleepcap (D:5)
  2 iguanas
  3 scorpion zombies (D:4)
  8 orc wizards
  2 hound zombies (D:4)
  4 hound skeletons (D:4)
  A howler monkey zombie (D:4)
  A howler monkey skeleton (D:4)
  5 gnolls
  5 adders
  A white imp (D:7)
  2 ufetubi (D:6)
  4 adder zombies (D:4)
  An adder skeleton (D:4)
  2 worms (D:2)
  A dart slug (D:1)
  34 orcs
  3 ball pythons
  6 bats
  11 endoplasms
  5 giant cockroaches
  7 hobgoblins
  3 jackals (D:2)
  6 quokkas
  2 frilled lizards (D:1)
  5 goblins
  22 kobolds
  A quokka zombie (D:4)
  2 rats
261 creatures vanquished.

Vanquished Creatures (others)
  An orc wizard (D:12)
1 creature vanquished.

Grand Total: 262 creatures vanquished

Notes
Turn   | Place    | Note
-------+----------+-------------------------------------------
     0 | D:1      | BinkBink the Tengu Berserker began the quest for the Orb.
     0 | D:1      | Reached XP level 1. HP: 14/14 MP: 2/2
   118 | D:1      | Reached XP level 2. HP: 13/19 MP: 3/3
   238 | D:1      | Found a faded altar of an unknown god.
   634 | D:2      | Reached XP level 3. HP: 23/23 MP: 4/4
   798 | D:2      | Reached ** piety under Trog
  1396 | D:3      | Reached XP level 4. HP: 28/28 MP: 5/5
  1862 | D:3      | Reached skill level 4 in Long Blades
  2104 | D:4      | Reached XP level 5. HP: 29/33 MP: 6/6
  2224 | D:4      | Reached XP level 6. HP: 22/38 MP: 7/7
  2235 | D:4      | Reached *** piety under Trog
  2337 | D:4      | Noticed a sky beast
  2349 | D:4      | Killed a sky beast
  2402 | D:4      | Reached skill level 5 in Long Blades
  2402 | D:4      | Gained mutation: Your magical flight helps you evade
                  | attacks. (EV +4) [Tengu growth]
  2402 | D:4      | Reached XP level 7. HP: 14/44 MP: 8/8
  2601 | D:4      | Found a runed translucent door.
  2606 | D:4      | Noticed Gargoyl's ghost (novice GrBe)
  2780 | D:4      | Found a runed translucent door.
  2800 | D:4      | Reached **** piety under Trog
  2801 | D:4      | Reached skill level 5 in Fighting
  2894 | D:4      | Reached skill level 5 in Dodging
  3062 | D:4      | Reached skill level 5 in Armour
  3353 | D:5      | Entered Level 5 of the Dungeon
  3388 | D:5      | Reached XP level 8. HP: 49/49 MP: 9/9
  3497 | D:5      | Reached skill level 6 in Long Blades
  3636 | D:5      | Found a staircase to the Ecumenical Temple.
  4049 | D:5      | Noticed Duvessa
  4050 | D:5      | Noticed Dowan
  4062 | D:5      | Killed Duvessa
  4078 | D:5      | Killed Dowan
  4158 | D:5      | Found a runed translucent door.
  4159 | D:5      | Noticed Crazy Yiuf
  4589 | D:6      | Noticed Sigmund
  4617 | D:6      | Killed Sigmund
  4618 | D:6      | Reached skill level 7 in Long Blades
  4618 | D:6      | Reached XP level 9. HP: 56/56 MP: 10/10
  5074 | D:7      | Noticed Joseph
  5461 | D:7      | Killed Joseph
  5647 | D:7      | Found a glowing silver altar of Zin.
  5647 | D:7      | Noticed a boulder beetle
  5661 | D:7      | Found a transporter.
  5674 | D:7      | Found a transporter.
  5716 | D:7      | Found a hazy altar of Hepliaklqana.
  5800 | D:7      | Reached ***** piety under Trog
  5967 | D:7      | Reached skill level 8 in Long Blades
  6190 | D:7      | Found an ornate altar of the Wu Jian Council.
  6531 | D:8      | Reached XP level 10. HP: 60/63 MP: 11/11
  7178 | D:9      | Found a hide-covered altar of Uskayaw.
  7183 | D:9      | Noticed Harold
  7196 | D:9      | Killed Harold
  7224 | D:9      | Reached skill level 9 in Long Blades
  7251 | D:9      | Received a gift from Trog
  7802 | D:9      | Noticed a two-headed ogre
  7828 | D:10     | Entered Level 10 of the Dungeon
  7828 | D:10     | Noticed a kobold demonologist
  7828 | D:10     | Found a transporter.
  7840 | D:10     | Noticed a soul eater
  7846 | D:10     | Found a transporter.
  7846 | D:10     | Found an ancient bone altar of Kikubaaqudgha.
  7925 | D:10     | Found a basalt altar of Yredelemnul.
  7925 | D:10     | Identified the +6 crystal plate armour "Yhoraem" {Fly}
  7926 | D:10     | Noticed a flayed ghost
  7934 | D:10     | Noticed a skeletal warrior
  7940 | D:10     | Noticed Maurice
  7941 | D:10     | Noticed a two-headed ogre
  7959 | D:10     | Noticed a rust devil
  7960 | D:10     | Killed a kobold demonologist
  7960 | D:10     | Something stole a ring of fire
  8475 | D:9      | Found a staircase to the Lair.
  8648 | D:9      | Found a staircase to the Orcish Mines.
  8908 | D:9      | Found a bloodstained altar of Trog.
  9038 | D:9      | Killed a two-headed ogre
  9039 | D:9      | Reached XP level 11. HP: 42/69 MP: 12/12
  9269 | D:10     | Noticed a centaur warrior
  9285 | D:10     | Killed a centaur warrior
  9617 | D:10     | Reached skill level 10 in Long Blades
  9619 | D:10     | Found Fairchiac's Assorted Antiques.
  9629 | D:10     | Killed Maurice
  9687 | D:10     | Identified a scroll of acquirement
  9687 | D:10     | Acquired the +4 chain mail of Ushuinie {+Blink rC+++ rCorr
                  | Slay-3}
  9701 | D:10     | Noticed a two-headed ogre
  9711 | D:10     | Killed a two-headed ogre
  9839 | D:10     | Noticed a two-headed ogre
  9846 | D:10     | Killed a two-headed ogre
  9847 | D:10     | Reached skill level 10 in Armour
  9847 | D:10     | Reached skill level 10 in Dodging
  9925 | D:10     | Noticed Erolcha
  9946 | D:10     | Killed Erolcha
 10026 | D:10     | Noticed a skeletal warrior
 10039 | D:10     | Killed a skeletal warrior
 10218 | D:10     | Bought a scroll labelled TIOKENIOCO for 30 gold pieces
 10218 | D:10     | Bought a yellow potion for 27 gold pieces
 10218 | D:10     | Bought a bubbling blue potion for 27 gold pieces
 10218 | D:10     | Bought a coppery potion for 27 gold pieces
 10218 | D:10     | Bought a glowing iron ring for 150 gold pieces
 10252 | D:10     | Noticed a two-headed ogre
 10261 | D:10     | Killed a two-headed ogre
 10402 | D:10     | Noticed a two-headed ogre
 10409 | D:10     | Killed a two-headed ogre
 10410 | D:10     | Reached skill level 10 in Fighting
 10418 | D:10     | Reached XP level 12. HP: 67/77 MP: 13/13
 10471 | D:10     | Reached skill level 11 in Long Blades
 10837 | D:11     | Noticed Snorg
 10849 | D:11     | Killed Snorg
 11015 | D:11     | Noticed Erica
 11019 | D:11     | Killed Erica
 11193 | D:11     | Identified the +11 triple sword of Chaos {heavy, rElec rF-
                  | rN+ Will+} (Trog gifted it to you on level 11 of the
                  | Dungeon)
 11193 | D:11     | Received a gift from Trog
 11196 | D:11     | Noticed a two-headed ogre
 11227 | D:11     | Killed a two-headed ogre
 11358 | D:11     | Noticed Sonja
 11674 | D:11     | Killed Sonja
 11873 | D:12     | Noticed a boulder beetle
 11884 | D:12     | Killed a boulder beetle
 11919 | D:12     | Noticed a boulder beetle
 11927 | D:12     | Killed a boulder beetle
 12133 | D:12     | Noticed a two-headed ogre
 12140 | D:12     | Killed a two-headed ogre
 12264 | D:12     | Identified the +1 pair of boots of the Hills {Contam rN+
                  | Dex+2}
 12415 | D:12     | Noticed a boulder beetle
 12429 | D:12     | Killed a boulder beetle
 12430 | D:12     | Reached skill level 12 in Long Blades
 12516 | D:12     | Noticed a shadow dragon
 12525 | D:12     | Killed a shadow dragon
 12528 | D:12     | Noticed a boulder beetle
 12530 | D:12     | HP: 1/80 [something (18)]
 12543 | D:12     | HP: 4/80 [vampire (8)]
 12546 | D:12     | Killed from afar by a vampire

Illustrated notes

Levels and vault maps discovered:
D:1:      scummos_arrival_star, layout_rooms,
          ebering_ecumenical_altar_petrified, minmay_pentomino_p4
D:2:      layout_loops_ring, minmay_misc_feat_ornament
D:3:      corexii_shack_village, layout_basic, kennysheep_generic_room_7
D:4:      layout_basic, serial_undead, serial_undead_d, serial_undead_b,
          serial_undead_a, serial_undead_e, serial_undead_a, serial_undead_b,
          serial_undead_f, serial_undead_a, ebering_ghost_sewer_f
D:5:      layout_loops_cross, minmay_temple_entry_ruins, eino_tiny_chamber,
          uniq_crazy_yiuf_cottage, uniq_duvessa
D:6:      layout_basic, grunt_decor_junction, uniq_sigmund
D:7:      layout_basic, kennysheep_mini, pdpol_wu_jian_five_deadly_venoms,
          gammafunk_temple_overflow_arena, uniq_joseph
D:8:      layout_rooms, nrook_mini_backslash
D:9:      layout_irregular_city, lemuel_coloured_pillars_altar,
          mainiacjoe_overflow_concentric_impassable, uniq_harold
D:10:     layout_basic, gammafunk_temple_of_torment, serial_shops,
          nicolae_shop_trees, onia_ninara_cookie, uniq_erolcha, uniq_maurice
D:11:     layout_loops_ring, uniq_erica, uniq_sonja, uniq_snorg
D:12:     thingy_vault, layout_small_grid

Skill      XL: |  1  2  3  4  5  6  7  8  9 10 11 12 |
---------------+-------------------------------------+-----
Armour         | 3 4 5 6 7 9 10 11 | 11.9
Dodging        | 3 4 5 6 7 9 10 11 | 11.9
Long Blades    | 4 5 7 8 9 10 12 | 12.1
Fighting       | 4 5 6 7 8 10 11 | 11.2

Action                     |  1- 3 |  4- 6 |  7- 9 | 10-12 || total
---------------------------+-------+-------+-------+-------++-------
  Melee: Falchion          |    89 |   154 |   123 |       ||   366
         Kick              |    22 |    39 |   129 |   101 ||   291
         Peck              |    10 |    27 |    83 |    68 ||   188
         Short sword       |       |       |   214 |       ||   214
         Punch             |       |       |     4 |       ||     4
         Scimitar          |       |       |    52 |    52 ||   104
         Great sword       |       |       |       |   212 ||   212
         Triple sword      |       |       |       |    27 ||    27
  Throw: Throwing net      |       |       |       |     2 ||     2
 Invoke: Trog's Hand       |       |       |       |     1 ||     1
    Use: Scroll            |     2 |       |       |    18 ||    20
         Potion            |       |       |       |     8 ||     8
   Stab: Sleeping          |     6 |       |       |       ||     6
 Armour: Animal skin       |    40 |    12 |       |       ||    52
         Plate armour      |       |    98 |   293 |   143 ||   534
         Chain mail        |       |       |       |   209 ||   209
  Dodge: Dodged            |    74 |    81 |   305 |   523 ||   983

Table legend: (Time is in decaauts)
 A = Elapsed time spent in this place.
 B = Non-inter-level travel time spent in this place.
 C = Inter-level travel time spent in this place.
 D = Time resting spent in this place.
 E = Time spent auto-exploring this place.
 F = Levels seen in this place.
 G = Mean time per level.
                   A        B        C        D        E       F      G
               +--------+--------+--------+--------+--------+-----+--------+
         Total |  12769 |  12336 |    433 |   2691 |   6911 |  12 | 1064.1 |
       Dungeon |  12769 |  12336 |    433 |   2691 |   6911 |  12 | 1064.1 |
               +--------+--------+--------+--------+--------+-----+--------+

Top non-repeatable levels by time:
    D:10: 1807 daAuts
     D:9: 1715 daAuts
     D:7: 1258 daAuts
     D:4: 1152 daAuts
    D:11: 1096 daAuts
     D:8: 1051 daAuts
     D:6: 905 daAuts
     D:3: 852 daAuts
     D:5: 844 daAuts
     D:2: 836 daAuts
    D:12: 711 daAuts
     D:1: 537 daAuts
